 Dungeon Crawl Stone Soup version 0.29-a0-23-ga79f92ac9c (webtiles) character file.

Game seed: 5966067068435866686

164 gimp the Slasher (level 5, -20/32 HPs)
             Began as a Tengu Wanderer on Jan 30, 2022.
             Demolished by an ogre (21 damage)
             ... on level 4 of the Dungeon.
             The game lasted 00:03:43 (3468 turns).

gimp the Slasher (Tengu Wanderer)                   Turns: 3468, Time: 00:03:44

Health: -20/32     AC:  4    Str:  9    XL:     5   Next: 45%
Magic:  7/7        EV: 14    Int: 15    God:
Gold:   66         SH:  0    Dex: 16    Spells: 6/6 levels left

rFire   . . .      SeeInvis .   a - +3 falchion
rCold   . . .      Faith    .   (no shield)
rNeg    . . .      Spirit   .   l - +0 leather armour
rPois   .          Reflect  .   (helmet restricted)
rElec   .          Harm     .   c - +0 cloak
rCorr   .          Rampage  .   (no gloves)
Will    .....                   (boots unavailable)
Stlth   +.........              (no amulet)
HPRegen 0.10/turn               (no ring)
MPRegen 0.10/turn               (no ring)

@: flying quickly and evasively, hasted, very quick
A: beak, talons 3, nimble flight
a: no special abilities


You were on level 4 of the Dungeon.
You visited 1 branch of the dungeon, and saw 4 of its levels.

You collected 66 gold pieces.

Inventory:

Hand Weapons
 a - a +3 falchion (weapon)
Missiles
 m - 5 poisoned darts (quivered)
Armour
 c - a +0 cloak (worn)
 d - a +0 robe
 l - a +0 leather armour (worn)
Scrolls
 h - a scroll of amnesia
Potions
 e - 2 potions of resistance


   Skills:
 + Level 2.9 Fighting
 * Level 5.7 Long Blades
 - Level 1.0 Throwing
 - Level 2.1 Dodging
 - Level 1.0 Spellcasting
 - Level 1.0 Invocations
 - Level 1.0 Evocations


You had 6 spell levels left.
You didn't know any spells.
Your spell library was empty.

Dungeon Overview and Level Annotations

Branches:
Dungeon (4/15)
 Temple: D:4-7

Altars:
Ashenzari
Yredelemnul


Innate Abilities, Weirdness & Mutations

You have a beak for a mouth.
You have claws for feet.
Your magical nature lets you fly swiftly and evasively.


Message History

You hear some strange, mumbled words.
A puff of flame appears from out of thin air!
The puff of flame misses you.
The puff of flame hits the orc!
The orc dies!
You hear some strange, mumbled words. x2
You hit something. Something hits you.
You take 1 damage, and have 19/31 hp.
You closely miss something. The ogre closely misses you.
Something hits you but does no damage.
You miss something.
You hear some strange, mumbled words.
You hit something. Something barely misses you. The ogre completely misses you.
You hear some strange, mumbled words.
A puff of flame appears from out of thin air!
The puff of flame hits something.
You closely miss something. You claw something.
Reactivating autopickup.
You feel a bit more experienced.
Deactivating autopickup; reactivate with Ctrl-A.
You hit something. Your kick misses something. The ogre misses you.
You miss something. Something hits you.
You hear some strange, mumbled words.
You take 1 damage, and have 19/32 hp.
You hit something but do no damage. Your peck misses something.
The ogre barely misses you.
You slash something!
Reactivating autopickup.
You feel a bit more experienced.
Deactivating autopickup; reactivate with Ctrl-A.
You miss something. Your kick misses something.
The ogre hits you with a +0 giant club!!
Ouch! That really hurt!
* * * LOW HITPOINT WARNING * * *
Something hits you but does no damage.
You take 18 damage, and have 1/32 hp.
MASSIVE DAMAGE!!
You miss something. Your kick misses something. Your peck misses something.
You miss something. Something hits you but does no damage.
The ogre hits you with a +0 giant club!!
Ouch! That really hurt!
You die...

#..# #..# ##.##
#..# #†K# ##.##
#######..#
########K.......#
#...g)@OO...##..#
.....###########..#
.## ##..# .(.# #.##
.#


You could see 2 ogres, a hobgoblin and a kobold.

Vanquished Creatures
  A bullfrog zombie (D:3)
  A jelly (D:3)
  2 orc wizards (D:4)
  An adder (D:4)
  2 worms (D:2)
  2 dart slugs
  3 orcs
  5 ball pythons
  5 endoplasms
  A giant cockroach (D:2)
  5 goblins
  4 hobgoblins
  2 jackals (D:1)
  5 kobolds
  3 quokkas
  7 bats
  A rat (D:1)
50 creatures vanquished.

Vanquished Creatures (others)
  An orc (D:4)
1 creature vanquished.

Grand Total: 51 creatures vanquished

Notes
Turn   | Place    | Note
-------+----------+-------------------------------------------
     0 | D:1      | gimp the Tengu Wanderer began the quest for the Orb.
     0 | D:1      | gimp set off with the following items: a +2 falchion, a
                  | potion of curing, a +0 cloak, a +0 robe
     0 | D:1      | Reached XP level 1. HP: 12/12 MP: 3/3
   172 | D:1      | Reached XP level 2. HP: 16/16 MP: 4/4
   444 | D:1      | Reached skill level 4 in Long Blades
   836 | D:1      | Reached XP level 3. HP: 18/21 MP: 5/5
  2495 | D:3      | Found a broken altar of Ashenzari.
  2546 | D:3      | Reached XP level 4. HP: 22/27 MP: 6/6
  2550 | D:3      | Reached skill level 5 in Long Blades
  2901 | D:3      | Gained mutation: Your magical nature lets you fly swiftly
                  | and evasively. [Tengu growth]
  2901 | D:3      | Reached XP level 5. HP: 31/31 MP: 7/7
  2919 | D:3      | Found a basalt altar of Yredelemnul.
  3401 | D:4      | Noticed an ogre
  3409 | D:4      | Noticed an ogre
  3466 | D:4      | HP: 1/32 [ogre (18)]
  3468 | D:4      | Demolished by an ogre

Illustrated notes

Levels and vault maps discovered:
D:1:      tarquinn_simple_flora_water_a, layout_loops_cross,
          serial_bayou_crossing
D:2:      layout_basic, serial_bayou_pond_e, patterned_corridor
D:3:      layout_loops_ring, mainiacjoe_overflow_large_starburst,
          kennysheep_generic_room_15
D:4:      layout_cave_pods, minmay_temple_entry_fiery

Skill      XL: |  1  2  3  4 |
---------------+-------------+-----
Long Blades    | 4 5 |  5.7
Fighting       | 2 |  2.9
Throwing       | |  1.0
Dodging        | |  2.1
Spellcasting   | |  1.0
Invocations    | |  1.0
Evocations     | |  1.0

Action                   |  1- 3 |  4- 6 || total
-------------------------+-------+-------++-------
Melee: Falchion          |   100 |    52 ||   152
       Kick              |    25 |    12 ||    37
       Peck              |    13 |     9 ||    22
  Use: Scroll            |       |     9 ||     9
       Potion            |       |     3 ||     3
 Stab: Sleeping          |     1 |     2 ||     3
Armor: Robe              |    12 |       ||    12
       Leather armour    |    28 |    14 ||    42
Dodge: Dodged            |    63 |    43 ||   106

Table legend: (Time is in decaauts)
 A = Elapsed time spent in this place.
 B = Non-inter-level travel time spent in this place.
 C = Inter-level travel time spent in this place.
 D = Time resting spent in this place.
 E = Time spent auto-exploring this place.
 F = Levels seen in this place.
 G = Mean time per level.
                   A        B        C        D        E       F      G
               +--------+--------+--------+--------+--------+-----+--------+
         Total |   3429 |   3336 |     93 |      5 |   2841 |   4 |  857.2 |
       Dungeon |   3429 |   3336 |     93 |      5 |   2841 |   4 |  857.2 |
               +--------+--------+--------+--------+--------+-----+--------+

Top non-repeatable levels by time:
     D:1: 1409 daAuts
     D:2: 1066 daAuts
     D:3: 794 daAuts
     D:4: 158 daAuts
